 Dungeon Crawl Stone Soup version 0.30-a0-948-g4fa250aae5 (webtiles) character file.

Game seed: 4179401325311983020

110913 sasquatch the Eclecticist (level 17, -3/119 HPs)
             Began as a Djinni Fire Elementalist on Mar 24, 2023.
             Was the Champion of Makhleb.
             Killed by an exploding ball lightning (30 damage)
             ... in an ice cave on Mar 27, 2023.
             The game lasted 01:19:28 (18930 turns).

sasquatch the Eclecticist (DjFE)                   Turns: 18930, Time: 01:19:29

Health: -3/119     AC: 11    Str: 10    XL:     17   Next: 11%
Gold:   171        EV: 15    Int: 24    God:    Makhleb [******] SH:  0 Dex: 15

rFire   + + .      SeeInvis .    K - +5 trident (venom)
rCold   . . .      Faith    .    (no shield)
rNeg    . . .      Spirit   .    E - +0 troll leather armour
rPois   ∞          Reflect  .    e - +2 hat
rElec   .          Rampage  .    M - +0 cloak
rCorr   +                        F - +2 pair of gloves {hurl}
Will    ++...                    (boots unavailable)
Stlth   ++                       l - amulet of regeneration
HPRegen 1.99/turn                N - ring of protection from cold
MPRegen 0.00/turn                n - ring of Kotwylef {Wiz Will+ rCorr Str+3}

@: flying, hasted, studying Armour, very quick
A: sickness immunity, fire resistance 2, cold vulnerability 1, float, innate
caster, HP casting, extra vitality 1
a: Renounce Religion, Minor Destruction, Lesser Servant of Makhleb, Major
Destruction, Greater Servant of Makhleb


You were in an ice cave.
You worshipped Makhleb.
Makhleb was exalted by your worship.
You visited 4 branches of the dungeon, and saw 20 of its levels.
You also visited: Ossuary, Bailey, Gauntlet and Ice Cave.

You collected 2436 gold pieces.
You spent 2265 gold pieces at shops.

Inventory:

Hand Weapons
 K - a +5 trident of venom (weapon)
 Q - a +1 bardiche of venom
Missiles
 s - 3 throwing nets
Armour
 e - a +2 hat (worn)
 m - a +0 buckler
 A - a +1 robe of willpower
 E - a +0 troll leather armour (worn)
 F - a +2 pair of gloves of hurling (worn)
 M - a +0 cloak (worn)
 O - a +2 robe of cold resistance
Magical Staves
 d - a staff of earth
 J - a staff of poison
Jewellery
 b - a +4 ring of protection
 l - an amulet of regeneration (around neck)
 n - the ring of Kotwylef (right hand) {Wiz Will+ rCorr Str+3}
   (You bought it in a shop on level 2 of the Orcish Mines)

   [ring of wizardry]

   It improves your spell success rate.
   Str:       It affects your strength (+3).
   rCorr:     It protects you from acid and corrosion.
   Will:      It increases your willpower.
 N - a ring of protection from cold (left hand)
 P - a ring of ice
 S - a ring of positive energy
Wands
 a - a wand of mindburst (24)
 i - a wand of digging (7)
 y - a wand of flame (7)
 D - a wand of charming (27)
 T - a wand of iceblast (5)
 U - a wand of light (4)
Scrolls
 c - a scroll of brand weapon
 j - 4 scrolls of enchant weapon
 q - 7 scrolls of teleportation
 r - 2 scrolls of fear
 t - a scroll of butterflies
 x - a scroll of magic mapping
 B - 2 scrolls of fog
 H - 5 scrolls of enchant armour
 X - 4 scrolls of immolation
 Y - 2 scrolls of identify
 Z - 2 scrolls of torment
Potions
 f - 5 potions of mutation
 g - 5 potions of heal wounds
 h - 5 potions of invisibility
 k - 3 potions of might
 o - 4 potions of resistance
 p - 11 potions of curing
 u - 2 potions of lignification
 v - 2 potions of cancellation
 w - 4 potions of attraction
 z - 3 potions of haste
 I - a potion of brilliance
 V - a potion of berserk rage
Miscellaneous
 C - a condenser vane
 G - a phantom mirror


   Skills:
 - Level 10.0 Fighting
 - Level 11.0 Polearms
 + Level 7.0 Armour
 - Level 8.0 Dodging
 - Level 4.1 Stealth
 * Level 18.1 Spellcasting


You knew the following spells:

 Your Spells              Type           Power      Damage    Failure   Level
a - Foxfire               Conj/Fire      100%       2x1d9     0%          1
b - Scorch                Fire           100%       2d10      0%          2
c - Kindle Blastsparks    Fire/Tloc/Air  100%       2d18      0%          3
d - Inner Flame           Hex/Fire       83%        N/A       0%          3
e - Flame Wave            Conj/Fire      83%        2d18      0%          4
f - Freeze                Ice            100%       1d10      0%          1
g - Passwall              Tmut/Erth      69%        N/A       0%          2
h - Frozen Ramparts       Ice            100%       1d16      0%          3
i - Tukima's Dance        Hex            83%        N/A       0%          3
j - Summon Ice Beast      Ice/Summ       83%        N/A       0%          4
k - Fireball              Conj/Fire      41%        3d17      1%          5
l - Eringya's Noxious Bo  Tmut/Pois      41%        N/A       1%          6
m - Conjure Ball Lightni  Conj/Air       41%        3x3d13    1%          6
Your spell library was empty.

Dungeon Overview and Level Annotations

Branches:
Dungeon (12/15)            Temple (0/1) D:4            Lair (5/5) D:11
 Shoals (0/4) Lair:2       Spider (1/4) Lair:3        Slime (0/5) Lair:5
    Orc (2/2) D:12            Elf (0/3) Orc:2       Ossuary (visited)
 Bailey (visited)           IceCv (1/1)             Gauntlet (visited)

Altars:
Elyvilon
Hepliaklqana
Makhleb
Nemelex Xobeh
Ru
Trog
Wu Jian
Zin
Jiyva

Shops:
D:5 *   Orc:2 *=([

Portals:
Abyss: D:8

Annotations:
D:8 2 transporters, deadpool521's ghost, novice MiFi
D:10 3 runed translucent doors, sigtrap's ghost, journeyman KoBr IceCv exclusion: 2 orange crystal statues


Innate Abilities, Weirdness & Mutations

You are immune to sickness and miasma.
You are immune to poison.
Your flesh is very heat resistant. (rF++)
You are vulnerable to cold. (rC-)
You float through the air rather than walking.
You learn spells naturally, not from books.
Your magical power is your life essence.
You have superior vitality. (+4 MHP)


Message History

The fireball engulfs the rockslime.
The rockslime resists.
The rockslime is heavily wounded.
* * * LOW HITPOINT WARNING * * *
Your Armour skill increases to level 7!
Aiming: Fireball (safe; 1% risk of failure)
Press: ? - help, Q - select action, (/) - cycle Shift-Dir - straight line, f - rockslime
Aim: a rockslime (heavily wounded, ally target)
The fireball explodes!
The fireball engulfs the rockslime.
The rockslime resists.
The rockslime is heavily wounded.
* * * LOW HITPOINT WARNING * * *
Casting: Fireball (safe; 1% risk of failure)
Confirm with . or Enter, or press ? or * to list all spells.
You create some ball lightning!
* * * LOW HITPOINT WARNING * * *
3 ball lightnings come into view.
The quicksilver ooze jiggles.
The quicksilver ooze hits your ice beast!
The quicksilver ooze engulfs your ice beast!
The quicksilver ooze hits your ice beast!
Your ice beast hits the quicksilver ooze.
Your ice beast freezes the quicksilver ooze!!
The quicksilver ooze completely misses your ice beast.
The quicksilver ooze hits your ice beast!
Your ball lightning explodes!
The blast of lightning engulfs the rockslime but does no damage.
The rockslime is heavily wounded.
The blast of lightning engulfs your ball lightning.
Your ball lightning completely resists.
Your ball lightning explodes!
The blast of lightning engulfs the rockslime.
The rockslime resists.
The rockslime is heavily wounded.
The blast of lightning engulfs your ball lightning.
Your ball lightning completely resists.
The blast of lightning engulfs your ice beast!!
You kill your ice beast!
Your ice beast disappears in a puff of smoke!
The blast of lightning engulfs you!!
You die...

##.##
##...# #..#
#.J.# #..##
##§.#
##..## #..#
#...####..#
##...##.J.#
##..#....#
#...*...#
#.....@##
##.....#
##...##
#####


You could see a rockslime (ally target), a quicksilver ooze and a friendly ball
lightning.

Vanquished Creatures
  A sphinx (D:12)
  3 azure jellies (IceCv)
  2 orc warlords
  3 quicksilver oozes (IceCv)
  A broodmother (Spider:1)
  A minotaur (Gauntlet)
  Snorg (D:11)
  Josephine (D:10)
  Erolcha (D:10)
  A hydra (Lair:2)
  Fannar (D:11)
  A centaur warrior (D:10)
  An ice dragon (Spider:1)
  A catoblepas (Lair:5)
  5 boulder beetles
  A radroach (Spider:1)
  3 two-headed ogres
  A death yak (Lair:4)
  2 orc high priests
  Urug (Orc:2)
  A skyshark (Lair:3)
  3 pharaoh ants (Spider:1)
  3 orb spiders (Spider:1)
  The ghost of Pokonic1 the Protected, a novice GrFi of Qazlal (D:7)
  Pikel (D:4)
  A steelbarb worm (Spider:1)
  4 orc knights
  2 deep elf pyromancers
  7 wolf spiders
  5 orc sorcerers
  2 ugly things (D:12)
  A moth of wrath (Spider:1)
  2 cyclopes (D:12)
  4 elephants (Lair:1)
  A merfolk siren (Lair:2)
  A gargoyle (D:11)
  9 cane toads
  5 black mambas
  Maggie (D:7)
  A kobold demonologist (D:10)
  5 rime drakes
  9 komodo dragons
  8 trolls
  A tyrant leech (Gauntlet)
  A polar bear (Lair:5)
  A queen bee (Gauntlet)
  4 tarantellas (Spider:1)
  22 blink frogs
  2 hornets
  7 jumping spiders
  4 culicivoras (Spider:1)
  26 slime creatures
  Sigmund (D:5)
  8 wraiths
  3 centaur simulacra
  5 shadows (Gauntlet)
  5 wyverns
  2 unseen horror simulacra (D:10)
  42 yaks
  14 redbacks
  Grum (D:10)
  A basilisk (Lair:5)
  2 steam dragons
  5 vampire mosquitoes
  Menkaure (D:7)
  4 wargs (Orc:1)
  2 swamp worms (Gauntlet)
  24 water moccasins
  2 acid dragons
  A meliai simulacrum (D:10)
  4 black bears
  A swamp drake (Lair:5)
  4 ice beasts
  25 orc warriors
  2 great orb of eyes simulacra (IceCv)
  16 wolves
  6 ogres
  A phantom (D:5)
  2 centaurs
  4 slime creature simulacra (IceCv)
  A kobold brigand (D:10)
  10 bullfrogs
  4 glowing shapeshifter simulacra (IceCv)
  5 scorpions
  12 wights
  8 killer bees
  3 electric eels
  A howler monkey (D:5)
  A wyvern simulacrum (Gauntlet)
  3 centaur zombies (Ossuary)
  3 human zombies (Ossuary)
  7 hounds
  17 orc priests
  2 gnoll boudas
  8 jellies
  6 hell rats (Lair:2)
  5 iguanas
  25 orc wizards
  A hound zombie (Ossuary)
  3 mummies (Ossuary)
  20 gnolls
  8 adders
  3 river rats (Lair:2)
  2 white imps
  3 ufetubi
  4 adder zombies (Ossuary)
  A worm (D:4)
  A dart slug (D:5)
  57 orcs
  4 ball pythons
  9 endoplasms
  3 giant cockroaches
  2 gnoll zombies (Ossuary)
  10 goblins
  10 hobgoblins
  10 jackals
  15 kobolds
  2 quokkas (D:2)
  5 bats
  4 frilled lizards
  3 goblin zombies (Ossuary)
  A hobgoblin zombie (Ossuary)
  3 jackal zombies (Ossuary)
  2 kobold zombies (Ossuary)
  3 orc zombies (Ossuary)
  3 quokka zombies (Ossuary)
  9 rats
  7 rat zombies (Ossuary)
  A bush (Lair:5)
695 creatures vanquished.

Vanquished Creatures (collateral kills)
  2 death yaks (Lair:4)
  A steelbarb worm (Spider:1)
  2 blink frogs (Lair:2)
  2 yaks (D:8)
  2 orc warriors
  A wolf (Lair:2)
  A bullfrog (D:8)
  6 wights
  An orc priest (D:6)
  A sleepcap (D:7)
  An orc wizard (D:9)
  4 orcs
  5 foxfires (D:3)
29 creatures vanquished.

Vanquished Creatures (others)
  2 dancing weapons (D:6)
  A water moccasin (Lair:5)
  2 ball lightnings (IceCv)
  566 foxfires
  17 fungi
  29 plants
617 creatures vanquished.

Grand Total: 1341 creatures vanquished

Notes
Turn   | Place    | Note
-------+----------+-------------------------------------------
     0 | D:1      | sasquatch the Djinni Fire Elementalist began the quest for
                  | the Orb.
     0 | D:1      | sasquatch set off with the following spells memorised:
                  | Foxfire, Scorch, Kindle Blastsparks, Inner Flame, Flame
                  | Wave.
     0 | D:1      | Reached XP level 1. HP: 15/15 MP: 0/0
   310 | D:1      | Reached XP level 2. HP: 15/22 MP: 0/0
   915 | D:2      | Reached skill level 1 in Fighting
  1098 | D:2      | Reached XP level 3. HP: 26/27 MP: 0/0
  1098 | D:2      | Learned a level 1 spell: Freeze
  1108 | D:2      | Reached skill level 3 in Spellcasting
  1208 | D:2      | You are sucked into a shaft and drop 1 floor!
  1215 | D:3      | Found a sparkling altar of Nemelex Xobeh.
  1515 | D:2      | Reached XP level 4. HP: 28/33 MP: 0/0
  1894 | D:3      | Reached XP level 5. HP: 36/38 MP: 0/0
  1894 | D:3      | Learned a level 2 spell: Passwall
  2034 | D:3      | Found a burning altar of Makhleb.
  2048 | D:3      | Became a worshipper of Makhleb the Destroyer
  2075 | D:3      | Found a white marble altar of Elyvilon.
  2076 | D:3      | Found an ornate altar of the Wu Jian Council.
  2390 | D:4      | Found a staircase to the Ecumenical Temple.
  2474 | D:4      | Reached skill level 4 in Spellcasting
  2784 | D:4      | Noticed an ogre
  2790 | D:4      | Killed an ogre
  2791 | D:4      | Reached XP level 6. HP: 38/46 MP: 0/0
  2884 | D:4      | Found a glowing silver altar of Zin.
  2961 | D:4      | Noticed Pikel
  2973 | D:4      | Killed Pikel
  2973 | D:4      | Reached * piety under Makhleb
  2974 | D:4      | Reached skill level 5 in Spellcasting
  2974 | D:4      | Reached XP level 7. HP: 33/53 MP: 0/0
  2974 | D:4      | Learned a level 3 spell: Frozen Ramparts
  2974 | D:4      | Reached XP level 8. HP: 36/58 MP: 0/0
  3195 | D:4      | Found a bloodstained altar of Trog.
  3302 | D:5      | Entered Level 5 of the Dungeon
  3309 | D:5      | Reached skill level 6 in Spellcasting
  3431 | D:5      | Found Raodot's General Store.
  3570 | D:5      | Reached skill level 5 in Fighting
  4038 | D:5      | Reached skill level 7 in Spellcasting
  4038 | D:5      | Reached XP level 9. HP: 62/66 MP: 0/0
  4038 | D:5      | Learned a level 3 spell: Tukima's Dance
  4204 | D:5      | Reached ** piety under Makhleb
  4442 | D:5      | Noticed Sigmund
  4445 | D:5      | Killed Sigmund
  4446 | D:5      | Reached skill level 8 in Spellcasting
  4888 | D:5      | Bought a scroll of acquirement for 624 gold pieces
  4888 | D:5      | Acquired a manual of Polearms
  4996 | D:6      | Found a sand-covered staircase.
  5003 | Ossuary  | Entered an ossuary
  5142 | Ossuary  | Reached *** piety under Makhleb
  5543 | D:6      | Reached XP level 10. HP: 44/75 MP: 0/0
  5826 | D:6      | Reached skill level 9 in Spellcasting
  6375 | D:7      | Found a sacrificial altar of Ru.
  6395 | D:7      | Noticed Maggie
  6403 | D:7      | Killed Maggie
  6644 | D:7      | Identified the +2 leather armour of Rokeed {*Slow rF- rN+
                  | Dex+4}
  6716 | D:7      | Reached **** piety under Makhleb
  6726 | D:7      | Noticed a two-headed ogre
  6742 | D:7      | Killed a two-headed ogre
  6743 | D:7      | Reached skill level 10 in Spellcasting
  6967 | D:7      | Reached XP level 11. HP: 77/84 MP: 0/0
  6967 | D:7      | Learned a level 4 spell: Summon Ice Beast
  7017 | D:7      | Found a flagged portal.
  7036 | Bailey   | Entered a bailey
  7041 | Bailey   | Noticed an orc warlord
  7141 | Bailey   | Noticed an orc knight
  7164 | Bailey   | Killed an orc knight
  7338 | Bailey   | Found a runed translucent gate.
  7341 | Bailey   | Found a runed translucent gate.
  7342 | Bailey   | Found a runed translucent gate.
  7450 | Bailey   | Killed an orc warlord
  7471 | Bailey   | Reached skill level 10 in Fighting
  7471 | Bailey   | Reached skill level 5 in Dodging
  7471 | Bailey   | Reached skill level 11 in Spellcasting
  7471 | Bailey   | Reached XP level 12. HP: 77/91 MP: 0/0
  7551 | D:7      | Found a transporter.
  7551 | D:7      | Noticed Menkaure
  7556 | D:7      | Reached skill level 5 in Polearms
  7559 | D:7      | Killed Menkaure
  7572 | D:7      | Noticed Pokonic1's ghost (novice GrFi)
  7592 | D:7      | Found a transporter.
  7785 | D:7      | Killed Pokonic1's ghost
  8104 | D:8      | Reached ***** piety under Makhleb
  8522 | D:8      | Found a one-way gate to the infinite horrors of the Abyss.
  8522 | D:8      | Noticed deadpool521's ghost (novice MiFi)
  8595 | D:5      | Bought a +5 trident of venom for 374 gold pieces
  8695 | D:8      | Found a transporter.
  8695 | D:8      | Found a transporter.
  9325 | D:9      | Reached skill level 12 in Spellcasting
  9364 | D:9      | Noticed a two-headed ogre
  9372 | D:9      | Killed a two-headed ogre
  9903 | D:10     | Entered Level 10 of the Dungeon
  9924 | D:10     | Noticed Josephine
  9934 | D:10     | Killed Josephine
  9940 | D:10     | Reached XP level 13. HP: 96/96 MP: 0/0
  9940 | D:10     | Learned a level 5 spell: Fireball
 10069 | D:10     | Found a hazy altar of Hepliaklqana.
 10080 | D:10     | Noticed Erolcha
 10080 | D:10     | Noticed Grum
 10099 | D:10     | Noticed a centaur warrior
 10110 | D:10     | Killed a centaur warrior
 10198 | D:10     | Killed Grum
 10213 | D:10     | Killed Erolcha
 10478 | D:10     | Found a runed translucent gate.
 10478 | D:10     | Found a runed translucent gate.
 10478 | D:10     | Found a runed translucent gate.
 10479 | D:10     | Found a viscous altar of Jiyva.
 10479 | D:10     | Noticed sigtrap's ghost (journeyman KoBr)
 10788 | D:11     | Noticed Snorg
 10797 | D:11     | Killed Snorg
 10887 | D:11     | Reached skill level 13 in Spellcasting
 10887 | D:11     | Reached XP level 14. HP: 99/103 MP: 0/0
 10985 | D:11     | Noticed Fannar
 10989 | D:11     | Killed Fannar
 11141 | D:11     | Found a staircase to the Lair.
 11436 | D:12     | Found a staircase to the Orcish Mines.
 11439 | D:12     | Reached skill level 14 in Spellcasting
 11555 | Lair:1   | Entered Level 1 of the Lair of Beasts
 11938 | Lair:1   | Reached skill level 10 in Polearms
 12350 | Lair:2   | Upgraded the game from 0.30-a0-937-ga0a21ad780 to
                  | 0.30-a0-948-g4fa250aae5
 12361 | Lair:2   | Reached ****** piety under Makhleb
 12598 | Lair:2   | Found a staircase to the Shoals.
 13324 | Lair:3   | Reached XP level 15. HP: 87/107 MP: 0/0
 13324 | Lair:3   | Learned a level 6 spell: Eringya's Noxious Bog
 13585 | Lair:3   | Reached skill level 15 in Spellcasting
 13596 | Lair:3   | Found a hole to the Spider Nest.
 14161 | Lair:4   | Found a gate leading to a gauntlet.
 14175 | Gauntlet | Entered a Gauntlet
 14175 | Gauntlet | Found a transporter.
 14188 | Gauntlet | Found a transporter.
 14192 | Gauntlet | Found a transporter.
 14200 | Gauntlet | Found a transporter.
 14204 | Gauntlet | Found a transporter.
 14216 | Gauntlet | Found a transporter.
 14217 | Gauntlet | Found a transporter.
 14225 | Gauntlet | Found a transporter.
 14229 | Gauntlet | Found a transporter.
 14237 | Gauntlet | Found a transporter.
 14268 | Gauntlet | Found a transporter.
 14280 | Gauntlet | Found a transporter.
 14293 | Gauntlet | Found a transporter.
 14306 | Gauntlet | Found a transporter.
 14668 | Gauntlet | Identified the +1 pair of boots "Asikiun" {Harm}
 14739 | Gauntlet | Identified the ring "Tokuri" {rPois rN+ MP-9 Int+6}
 15497 | Lair:5   | Entered Level 5 of the Lair of Beasts
 15537 | Lair:5   | Reached skill level 16 in Spellcasting
 15613 | Lair:5   | Found a staircase to the Slime Pits.
 15614 | Lair:5   | Found a viscous altar of Jiyva.
 16103 | D:12     | Noticed a sphinx
 16148 | D:12     | Identified the +0 rapier "Lunaviul" {protect, *Noise Will+
                  | SInv}
 16231 | D:12     | Killed a sphinx
 16232 | D:12     | Reached XP level 16. HP: 110/113 MP: 0/0
 16770 | Orc:1    | Entered Level 1 of the Orcish Mines
 16816 | Orc:1    | Found a burning altar of Makhleb.
 16880 | Orc:1    | Reached skill level 17 in Spellcasting
 17016 | Orc:2    | Entered Level 2 of the Orcish Mines
 17127 | Orc:2    | Reached skill level 1 in Armour
 17190 | Orc:2    | Noticed Urug
 17195 | Orc:2    | Killed Urug
 17258 | Orc:2    | Found Guxibb's Jewellery Emporium.
 17503 | Orc:2    | Found Zekhehed's Antique Weapon Emporium.
 17519 | Orc:2    | Found Wugedi Alej's Antique Armour Emporium.
 17534 | Orc:2    | Found Jeuxoady's General Store.
 17661 | Orc:2    | Found a staircase to the Elven Halls.
 17779 | Orc:2    | Bought the ring of Kotwylef {Wiz Will+ rCorr Str+3} for 817
                  | gold pieces
 18105 | Orc:2    | Bought an amulet of regeneration for 450 gold pieces
 18273 | Spider:1 | Entered Level 1 of the Spider Nest
 18476 | Spider:1 | Reached skill level 5 in Armour
 18500 | Spider:1 | Acquired a manual of Armour
 18592 | Spider:1 | Found the +13 scythe of Curses {drain, curses, Drain}
 18778 | Spider:1 | Found a frozen archway.
 18788 | IceCv    | Entered an ice cave
 18895 | IceCv    | Reached skill level 18 in Spellcasting
 18904 | IceCv    | Noticed an azure jelly
 18907 | IceCv    | Noticed an azure jelly
 18911 | IceCv    | Reached XP level 17. HP: 106/119 MP: 0/0
 18911 | IceCv    | Learned a level 6 spell: Conjure Ball Lightning
 18930 | IceCv    | Killed by an exploding ball lightning

Illustrated notes

Levels and vault maps discovered:
D:1:      dpeg_arrival_brainrot, layout_loops_ring
D:2:      layout_basic, minivault_4, minmay_pentomino_r4
D:3:      layout_rooms, mainiacjoe_overflow_concentric_impassable, minitemple,
          serial_bayou, serial_bayou_lagoon_a, serial_bayou_lagoon_b,
          serial_bayou_pond_d, serial_bayou_ford_a
D:4:      layout_gridville, nzn_overflow_gifts_of_might_and_magic, zin_treasury,
          minmay_temple_entry_slanted, uniq_pikel
D:5:      minmay_polygon_palace, layout_basic, mainiacjoe_overflow_24_doors,
          serial_shops, nicolae_shop_crystal, grunt_decor_mini_mirrors,
          uniq_sigmund
D:6:      layout_loops_ring, chequers_ossuary_entry_cave,
          nicolae_concentric_dashed_squares_wild, minivault_25
D:7:      layout_basic, mainiacjoe_overflow_boulevard, enter_bailey_2,
          nzn_ghost_randoct, uniq_menkaure, uniq_maggie
D:8:      layout_basic, gammafunk_ghost_abyssal_escape
D:9:      layout_grid_maze, minmay_misc_feat_square
D:10:     layout_rooms, lemuel_crystal_altar, serial_ice, serial_ice_a,
          serial_ice_n, serial_ice_l, serial_ice_e, gammafunk_ghost_ooze,
          uniq_josephine, uniq_erolcha, uniq_grum
D:11:     layout_irregular_city, lair_entry_dummy, uniq_snorg, uniq_fannar
D:12:     nzn_winding_woodlands_medium [nzn_winding_woodlands_5x5_three,
          nzn_winding_woodlands_5x15_sidewinder,
          nzn_winding_woodlands_hourglass, nzn_winding_woodlands_5x5_perimeter,
          nzn_winding_woodlands_center_triple_pond,
          nzn_winding_woodlands_5x5_cross, nzn_winding_woodlands_5x5_default,
          nzn_winding_woodlands_5x15_jagged,
          nzn_winding_woodlands_5x5_closed_star], layout_rooms, orc_0_dummy,
          nicolae_vehumet_radiance
Lair:1:   layout_long_grid, dpeg_stationary_puzzle
Lair:2:   layout_hall_layers, minmay_shoals_entry_lonely_mermaid,
          kennysheep_abandoned_house
Lair:3:   layout_chaotic_city, spider_nest_entry_a
Lair:4:   layout_hall_layers, gauntlet_entry_generic
Lair:5:   hangedman_lair_tendril_chambers, layout_regular_city,
          guppyfry_lair_end_dragon, nicolae_slime_entry_slimehenge, uniq_kirke
Spider:1: layout_spider_delve, portal_ice_cave_entry_dragon
Orc:1:    layout_caves, lemuel_statue_altar, bloody_makhleb
Orc:2:    grunt_orc_cross, layout_caves, basic_altar
IceCv:    ice_cave_hellmonk_azure_passage

Skill      XL: |  1  2  3  4  5  6  7  8  9 10 11 12 13 14 15 16 17 |
---------------+----------------------------------------------------+-----
Fighting       | 1 2 3 4 5 7 9 10 | 10.0
Spellcasting   | 3 4 5 7 8 10 11 12 13 14 16 18 | 18.1
Polearms       | 4 7 8 10 11 | 11.0
Dodging        | 5 6 8 |  8.0
Stealth        | 4 |  4.1
Armour         | 6 7 |  7.0

Action                     |  1- 3 |  4- 6 |  7- 9 | 10-12 | 13-15 | 16-18 || total
---------------------------+-------+-------+-------+-------+-------+-------++-------
  Melee: Trident           |       |       |       |     1 |    33 |       ||    34
         Punch             |       |       |       |       |     1 |       ||     1
   Cast: Foxfire           |    61 |    69 |   139 |    81 |       |       ||   350
         Scorch            |     5 |    13 |    71 |   163 |    46 |       ||   298
         Kindle Blastspark |       |     1 |       |       |     2 |       ||     3
         Frozen Ramparts   |       |       |    25 |    24 |     7 |     2 ||    58
         Flame Wave        |       |       |     5 |     2 |    20 |    28 ||    55
         Tukima's Dance    |       |       |     3 |    29 |     3 |       ||    35
         Summon Ice Beast  |       |       |       |    11 |    16 |     3 ||    30
         Fireball          |       |       |       |       |   299 |   195 ||   494
         Eringya's Noxious |       |       |       |       |     1 |     1 ||     2
         Conjure Ball Ligh |       |       |       |       |       |     1 ||     1
 Invoke: Lesser Servant of |       |       |       |       |       |     1 ||     1
  Evoke: Wand              |       |       |       |     1 |       |     1 ||     2
    Use: Scroll            |       |       |    10 |     5 |    19 |     3 ||    37
         Potion            |       |       |       |     1 |     8 |     2 ||    11
   Stab: Sleeping          |       |       |       |     1 |     1 |       ||     2
 Armour: Robe              |     7 |       |     3 |     6 |       |       ||    16
         Troll leather arm |       |       |       |    10 |    36 |    34 ||    80
  Dodge: Dodged            |    16 |     1 |    21 |    30 |   105 |    60 ||   233

Table legend: (Time is in decaauts)
 A = Elapsed time spent in this place.
 B = Non-inter-level travel time spent in this place.
 C = Inter-level travel time spent in this place.
 D = Time resting spent in this place.
 E = Time spent auto-exploring this place.
 F = Levels seen in this place.
 G = Mean time per level.
                   A        B        C        D        E       F      G
               +--------+--------+--------+--------+--------+-----+--------+
         Total |  18910 |  17576 |   1334 |    381 |  13606 |  24 |  787.9 |
       Dungeon |  11440 |  10566 |    874 |    106 |   8594 |  12 |  953.3 |
          Lair |   3822 |   3505 |    317 |     60 |   2785 |   5 |  764.4 |
   Spider Nest |    482 |    482 |      0 |      0 |    345 |   1 |  482.0 |
  Orcish Mines |   1397 |   1254 |    143 |      0 |   1047 |   2 |  698.5 |
       Ossuary |    428 |    428 |      0 |      0 |    306 |   1 |  428.0 |
        Bailey |    501 |    501 |      0 |    108 |    200 |   1 |  501.0 |
      Ice Cave |    139 |    139 |      0 |      7 |     41 |   1 |  139.0 |
      Gauntlet |    697 |    697 |      0 |    100 |    288 |   1 |  697.0 |
               +--------+--------+--------+--------+--------+-----+--------+

Top non-repeatable levels by time:
     D:5: 1527 daAuts
     D:7: 1293 daAuts
  Lair:2: 1053 daAuts
     D:6: 966 daAuts
     D:4: 956 daAuts
     D:8: 953 daAuts
    D:11: 896 daAuts
     D:1: 883 daAuts
   Orc:2: 873 daAuts
  Lair:3: 872 daAuts
     D:9: 844 daAuts
     D:2: 817 daAuts
    D:12: 815 daAuts
  Lair:1: 779 daAuts
    D:10: 755 daAuts
